[Event "Pobeskydi 2026"]
[Site "Frydek-Mistek, Czech Republic"]
[Date "2026.04.06"]
[Round "9.8"]
[White "Sigut, Ondrej"]
[Black "Vanek, Martin"]
[Result "1-0"]
[TimeControl "90 min+30s/move"]
[WhiteTitle "-"]
[BlackTitle "-"]
[WhiteFideId "23712813"]
[BlackFideId "23769238"]
[WhiteElo "2016"]
[BlackElo "1905"]

1. e4 e6 2. d4 d5 3. Nd2 c5 4. exd5 Qxd5 5. Ngf3 cxd4 6. Bc4 Qd7 7. O-O Nc6 8. Nb3 a6 9. Nbxd4 Nxd4 10.
Nxd4 Qc7 11. Qe2 Bd6 12. h3 Ne7 13. Rd1 e5 14. Nf3 O-O 15. Bb3 Bf5 16. Nh4 Bg6 17. Nxg6 Nxg6 18. c3 Rad8 19.
Be3 Nf4 20. Qc4 Qe7 21. Qe4 Ne6 22. Bb6 Rde8 23. Ba4 Rc8 24. Qd5 Bc5 25. Bxc5 Nxc5 26. Bc2 Rfd8 27. Qf3 g6 28. Qe3 Rxd1+ 29. Rxd1 Re8 30. Rd5 Nd7 31. Ba4 b5 32. Bb3 Nf6 33. Rd1 e4 34. Qb6 Nh5 35. Qd6 Qg5 36. Qd5 Qf6 37. Qd7 Re7 38.
Qd8+ Kg7 39. Qd4 Re5 40. Qe3 Nf4 41. Rd7 Ne6 42. Qa7 Rf5 43. Rd6 Re5 44. Rxa6 Qf5 45. Bxe6 Rxe6 46. Rxe6
Qxe6 47. Qd4+ Kg8 48. a4 bxa4 49. Qxa4 e3 50. Qa8+ Kg7 51. fxe3 Qxe3+ 52. Kh2 Qf4+ 53.
g3 Qd2+ 54. Qg2 Qd3 55. Qf2 Qb5 56. b4 h5 57. h4 g5 58. hxg5 h4 59. Qd4+ Kg8 60. gxh4 Qe2+ 61. Kg3 Qe1+ 62.
Kf3 Qf1+ 63. Ke4 Qe2+ 64. Kd5 Qb5+ 65. Qc5 Qd7+ 66. Kc4 Qe6+ 67. Qd5 Qe2+ 68. Kb3 Qe1 69. Qd8+ Kg7 70. Qd4+ Kg8 71.
b5 Qb1+ 72. Ka4 Qa2+ 73. Kb4 Qb2+ 74. Ka5 Qa2+ 75. Kb6 Qe6+ 76. Kc5 Qe7+ 77. Kc4 Qe2+ 78. Kb4 Qb2+ 79. Kc5 Qa3+ 80. Qb4 Qa8 81.
b6 Qc8+ 82. Kd4 Qd7+ 83. Ke3 Qh3+ 84. Kd2 Qg2+ 85. Kc1 Qf1+ 86. Kb2 Qe2+ 87. Ka3 Qa6+ 88. Kb3 Qb7 89. g6 fxg6 90. Qc4+ Kh8 91. Qc5 Qf7+ 92. Kb4 Qf4+ 93.
Qd4+ 1-0

[Event "Pobeskydi 2026"]
[Site "Frydek-Mistek, Czech Republic"]
[Date "2026.04.06"]
[Round "9.9"]
[White "Policar, Martin"]
[Black "Zemkova, Klara"]
[Result "1-0"]
[TimeControl "90 min+30s/move"]
[WhiteTitle "-"]
[BlackTitle "-"]
[WhiteFideId "23734868"]
[BlackFideId "344117"]
[WhiteElo "1948"]
[BlackElo "1888"]

1. c4 f5 2. g3 e5 3. Bg2 Nf6 4. Nf3 d6 5. b4 g6 6. Bb2 Bg7 7. d3 O-O 8. Qb3 h6 9. c5+ Kh7 10.
Nc3 e4 11. dxe4 fxe4 12. Nd4 d5 13. O-O c6 14. e3 Ng4 15. Rad1 Qg5 16. Nce2 Na6 17. Nf4 Qe7 18. b5 Nxc5 19.
Qb4 Ne5 20. Ba3 b6 21. Nxc6 Nxc6 22. bxc6 Ba6 23. Rfe1 Bc4 24. Nxd5 Bxd5 25. Rxd5 Qf7 26. Qd2 Nd3 27. Rxd3 exd3 28.
Bxf8 Rxf8 29. f4 Rc8 30. Qxd3 Qxa2 31. f5 Qf7 32. fxg6+ 1-0

[Event "Pobeskydi 2026"]
[Site "Frydek-Mistek, Czech Republic"]
[Date "2026.04.06"]
[Round "9.10"]
[White "Dobsa, Emma"]
[Black "Szumiec, Jan"]
[Result "0-1"]
[TimeControl "90 min+30s/move"]
[WhiteTitle "-"]
[BlackTitle "-"]
[WhiteFideId "23709391"]
[BlackFideId "41815661"]
[WhiteElo "1921"]
[BlackElo "1826"]

1. e4 c5 2. Nf3 d6 3. d4 cxd4 4. Nxd4 Nf6 5. Nc3 Nc6 6. Bg5 e6 7. Qd2 a6 8. O-O-O Bd7 9. Kb1 Be7 10.
f3 Nxd4 11. Qxd4 Qc7 12. g4 b5 13. h4 Rb8 14. h5 h6 15. Be3 b4 16. Ne2 e5 17. Qd2 Bc6 18. g5 hxg5 19. Bxg5 Nxe4 20.
fxe4 Bxg5 21. Qxg5 Bxe4 22. Bg2 Bxc2+ 23. Ka1 Bxd1 24. Rxd1 f6 25. Qg6+ Kf8 26. Bd5 Qd7 27. Rf1 Rh6 28.
Rxf6+ gxf6 29. Qxh6+ Qg7 30. Qxg7+ Kxg7 31. Ng3 Kh6 32. Bf7 d5 33. Kb1 d4 34. Kc2 Rc8+ 35. Kd2 a5 36. Ne4 Rf8 37.
Nd6 Rd8 38. Nf5+ Kg5 39. Bg6 a4 40. Ng3 Rf8 41. Ne4+ Kh6 42. Nd6 a3 43. bxa3 bxa3 44. Kd3 Rb8 45. Nc4 Rb3+ 46. Ke4 Rg3 47.
Nd6 Rg2 48. Bf7 Kg5 49. Kf3 Rg1 50. Kf2 Rg4 51. Nc4 e4 52. Nxa3 e3+ 53. Ke2 Rg2+ 54. Kd3 Rd2+ 0-1

[Event "Pobeskydi 2026"]
[Site "Frydek-Mistek, Czech Republic"]
[Date "2026.04.06"]
[Round "9.11"]
[White "Durovka, Marek"]
[Black "Bartova, Hana"]
[Result "1-0"]
[TimeControl "90 min+30s/move"]
[WhiteTitle "-"]
[BlackTitle "-"]
[WhiteFideId "14959542"]
[BlackFideId "23732695"]
[WhiteElo "2054"]
[BlackElo "1823"]

1. d4 e6 2. c4 Nf6 3. Nc3 d5 4. cxd5 exd5 5. Bg5 Be7 6. e3 c6 7. Bd3 Bg4 8. Qc2 Bh5 9. Nf3 Bg6 10.
O-O Ne4 11. Bf4 Nxc3 12. bxc3 Nd7 13. Rae1 Nf6 14. Ne5 Bxd3 15. Qxd3 O-O 16. Rb1 Qc8 17. c4 dxc4 18. Nxc4 Rd8 19.
Rfc1 b6 20. Ne5 c5 21. Qb3 Rf8 22. d5 Bd6 23. Ng6 hxg6 24. Bxd6 Re8 25. Bg3 Qf5 26. Rd1 Rad8 27. d6 Rd7 28.
f3 Qe6 29. e4 Nh5 30. Qd5 Nxg3 31. hxg3 Qe5 32. Qxe5 Rxe5 33. Rb2 Kf8 34. Kf2 Re6 35. Rbd2 Ke8 36. Rd5 f5 37. e5 Kd8 38.
f4 Kc8 39. Rb1 Rd8 40. Rd3 Kb7 41. Rh1 c4 42. Rd4 b5 43. Rh7 Rd7 44. Ke3 Re8 45. Rd5 Kc6 46. Kd4 a6 47. Rc5+ Kb6 48.
Kd5 Red8 49. Rc6+ Ka5 50. e6 Rb7 51. d7 Rbxd7 52. exd7 Rxd7 53. Ke5 Rd2 54. Rh8 Rxa2 55. Rxa6+ 1-0